 Dungeon Crawl Stone Soup version 0.30-a0-1114-gd936c97349 (webtiles) character file.

Game seed: 13659767449764976010

266 jasper the Poker (level 6, 0/44 HPs)
             Began as a Mummy Gladiator on Apr 20, 2023.
             Splashed by a jelly's acid (7 damage)
             ... on level 4 of the Dungeon.
             The game lasted 00:04:47 (2146 turns).

jasper the Poker (Mummy Gladiator)                  Turns: 2146, Time: 00:04:47

Health: 0/44       AC: -5    Str: 17    XL:     6   Next: 0%
Magic:  6/6        EV: 10    Int:  9    God:
Gold:   1041       SH:  0    Dex: 14    Spells: 5/5 levels left

rFire   . . .      SeeInvis .    a - +1 trident
rCold   + . .      Faith    +    (no shield)
rNeg    + + +      Spirit   .    q - +0 scale mail
rPois   ∞          Reflect  .    c - +0 helmet
rElec   .          Rampage  .    (no cloak)
rCorr   .                        (no gloves)
Will    .....                    (no boots) Stlth
                                 n - amulet of regeneration
HPRegen 1.07/turn                k - ring of protection from fire
MPRegen 0.10/turn                (no ring)

@: corroded
A: cold resistance 1, negative energy resistance 3, torment resistance 2, heat
vulnerability 1, in touch with death 1, no potions, faith
a: no special abilities


You were on level 4 of the Dungeon.
You visited 1 branch of the dungeon, and saw 4 of its levels.

You collected 1041 gold pieces.

Inventory:

Hand Weapons
 a - a +1 trident (weapon)
 i - a +2 hand axe of flaming
 o - a +0 scythe
Missiles
 d - 3 throwing nets (quivered)
 e - a javelin
Armour
 b - a +0 leather armour
 c - a +0 helmet (worn)
 p - a +0 ring mail
 q - a +0 scale mail (worn)
Jewellery
 k - a ring of protection from fire (left hand)
 n - an amulet of regeneration (around neck)
Wands
 l - a wand of flame (16)
Scrolls
 f - a scroll of magic mapping
 g - a scroll of identify
 h - 4 scrolls of immolation
 j - a scroll of fog
 m - a scroll of poison
 r - a scroll of blinking


   Skills:
 - Level 2.0 Fighting
 + Level 5.6 Polearms
 - Level 1.5 Throwing
 - Level 2.4 Dodging


You had 5 spell levels left.
You didn't know any spells.
Your spell library contained the following spells:

 Spells                   Type           Power      Damage    Failure   Level
 Kiss of Death            Conj/Necr      0%         2d5       83%         1
 Confusing Touch          Hex            0%         N/A       99%         3
 Ozocubu's Armour         Ice            0%         N/A       99%         3
 Tukima's Dance           Hex            0%         N/A       99%         3
 Vhi's Electric Charge    Tloc/Air       0%         N/A       99%         3
 Dispel Undead            Necr           0%         3d6       100%        4
 Passage of Golubria      Tloc           0%         N/A       100%        4
 Arcjolt                  Conj/Air       0%         1d10      100%        5
 Yara's Violent Unravell  Hex/Tmut       0%         3d3       100%        5
 Plasma Beam              Fire/Air       0%         2x1d11    100%        6
 Ozocubu's Refrigeration  Ice            0%         4d7       100%        7


Dungeon Overview and Level Annotations

Branches:
Dungeon (4/15)             Temple (0/1) D:4

Altars:
Okawaru
Sif Muna
Uskayaw
Yredelemnul

Shops:
D:1 :

Annotations:
D:2 1 runed translucent door, Crazy Yiuf


Innate Abilities, Weirdness & Mutations

You are immune to poison.
Your flesh is cold resistant. (rC+)
You are immune to negative energy. (rN+++)
You are immune to unholy pain and torment.
You are vulnerable to heat. (rF-)
You are in touch with the powers of death.
You do not drink.
You have a special connection with the divine. (Faith)


Message History

You pick up a book of Touch and begin reading...
You add the spells Kiss of Death, Confusing Touch and Dispel Undead to your library.
Unknown command.
Reach: a) +1 trident
Press: ? - help, Dir - move target, f - jelly
Aim: a jelly (about 10% to evade your +1 trident)
You reach to attack!
You puncture the jelly!
The jelly is lightly wounded.
Reach: a) +1 trident
Press: ? - help, Dir - move target, f/p - jelly
Aim: a jelly (lightly wounded, about 10% to evade your +1 trident)
You barely miss the jelly.
The jelly is lightly wounded.
The jelly hits you. The acid corrodes you!
You are splashed with acid!
You take 10 damage, and have 34/44 hp.
MASSIVE DAMAGE!!
Reach: a) +1 trident
Press: ? - help, Dir - move target, f/p - jelly
Aim: a jelly (lightly wounded, about 10% to evade your +1 trident)
You puncture the jelly!
Your hands burn!
The jelly is moderately wounded.
The jelly hits you.
You are splashed with acid!
You take 9 damage, and have 25/44 hp.
MASSIVE DAMAGE!!
Reach: a) +1 trident
Press: ? - help, Dir - move target, f/p - jelly
Aim: a jelly (moderately wounded, about 10% to evade your +1 trident)
You hit the jelly.
Your hands burn!
The jelly is moderately wounded.
The jelly hits you. The acid corrodes you!
You are splashed with acid!
* * * LOW HITPOINT WARNING * * *
You take 13 damage, and have 12/44 hp.
MASSIVE DAMAGE!!
Reach: a) +1 trident
Press: ? - help, Dir - move target, f/p - jelly
Aim: a jelly (moderately wounded, about 10% to evade your +1 trident)
You puncture the jelly!
Your hands burn!
* * * LOW HITPOINT WARNING * * *
The jelly is heavily wounded.
The jelly hits you.
* * * LOW HITPOINT WARNING * * *
The acid corrodes you!
You are splashed with acid!
You die...

.. #. ####.## . ......
... .. #...# .... ...
#.⌠.# ...$.
...###...###.....
###+######...............
............⌠..>@J⌠......
.....................+###
...........###...###.....
.............#.⌠.# .....
.............#...#.......
.........................
...............+.........
....#'###..............
....+...#..............


You could see a jelly.

Vanquished Creatures
  Sigmund (D:2)
  4 adders
  A worm (D:2)
  A dart slug (D:2)
  2 orcs (D:3)
  6 bats
  8 endoplasms
  3 giant cockroaches
  7 goblins
  4 hobgoblins
  2 jackals (D:1)
  3 kobolds
  4 quokkas
  9 ball pythons
  2 frilled lizards
  6 rats
63 creatures vanquished.

Notes
Turn   | Place    | Note
-------+----------+-------------------------------------------
     0 | D:1      | jasper the Mummy Gladiator began the quest for the Orb.
     0 | D:1      | Reached XP level 1. HP: 16/16 MP: 1/1
   210 | D:1      | Reached skill level 3 in Polearms
   210 | D:1      | Reached XP level 2. HP: 18/22 MP: 2/2
   289 | D:1      | Found a faded altar of an unknown god.
   482 | D:1      | Found Nacytoip's Book Shoppe.
  1043 | D:2      | Gained mutation: You are in touch with the powers of death.
                  | [Mummy growth]
  1043 | D:2      | Reached XP level 3. HP: 26/27 MP: 3/3
  1254 | D:2      | Found an iron altar of Okawaru.
  1451 | D:2      | Noticed Sigmund
  1457 | D:2      | Killed Sigmund
  1458 | D:2      | Reached skill level 5 in Polearms
  1458 | D:2      | Reached XP level 4. HP: 28/33 MP: 4/4
  1458 | D:2      | Reached XP level 5. HP: 32/38 MP: 5/5
  1511 | D:2      | Found a runed translucent door.
  1512 | D:2      | Noticed Crazy Yiuf
  1633 | D:3      | Found a basalt altar of Yredelemnul.
  1709 | D:3      | Found a hide-covered altar of Uskayaw.
  1711 | D:3      | Found a shimmering blue altar of Sif Muna.
  1813 | D:3      | Identified a scroll of acquirement
  1815 | D:3      | Acquired 855 gold pieces
  2108 | D:4      | Reached XP level 6. HP: 43/44 MP: 6/6
  2130 | D:4      | Found a staircase to the Ecumenical Temple.
  2146 | D:4      | Splashed by a jelly's acid

Illustrated notes

Levels and vault maps discovered:
D:1:      ebering_trefoil_twist, layout_basic, serial_shops, shop,
          hellmonk_ecumenical_altar_blasted, minmay_misc_feat_secret_circle
D:2:      layout_rooms, basic_altar, minmay_misc_feat_rows,
          minmay_stone_trees_small, uniq_sigmund, uniq_crazy_yiuf_cottage
D:3:      layout_rooms, mainiacjoe_overflow_catwalk_spiral,
          mainiacjoe_overflow_six_doors_small
D:4:      layout_gridville, mainiacjoe_overflow_catwalk,
          minmay_temple_entry_junction_2, minmay_fractal_squares_gapless_5,
          uniq_duvessa

Skill      XL: |  1  2  3 |
---------------+----------+-----
Polearms       | 3 5 |  5.6
Fighting       | |  2.0
Throwing       | |  1.5
Dodging        | |  2.4

Action                     |  1- 3 |  4- 6 || total
---------------------------+-------+-------++-------
  Melee: Trident           |   118 |    60 ||   178
  Evoke: Wand              |     6 |       ||     6
    Use: Scroll            |     5 |     4 ||     9
   Stab: Sleeping          |     1 |       ||     1
 Armour: Leather armour    |    23 |       ||    23
         Scale mail        |       |    14 ||    14
  Dodge: Dodged            |    65 |    30 ||    95

Table legend: (Time is in decaauts)
 A = Elapsed time spent in this place.
 B = Non-inter-level travel time spent in this place.
 C = Inter-level travel time spent in this place.
 D = Time resting spent in this place.
 E = Time spent auto-exploring this place.
 F = Levels seen in this place.
 G = Mean time per level.
                   A        B        C        D        E       F      G
               +--------+--------+--------+--------+--------+-----+--------+
         Total |   2162 |   2073 |     89 |    131 |   1382 |   4 |  540.5 |
       Dungeon |   2162 |   2073 |     89 |    131 |   1382 |   4 |  540.5 |
               +--------+--------+--------+--------+--------+-----+--------+

Top non-repeatable levels by time:
     D:1: 1051 daAuts
     D:2: 550 daAuts
     D:3: 374 daAuts
     D:4: 187 daAuts
